 Dungeon Crawl Stone Soup version 0.25.0-9-g26727b657a (webtiles) character file.

Game seed: 5330371895803069280

98 Dirian the Ruffian (level 4, -1/44 HPs)
             Began as a Troll Monk on June 17, 2020.
             Slain by an orc wizard
             ... wielding a +0 dagger
              (3 damage)
             ... on level 2 of the Dungeon.
             The game lasted 00:01:13 (952 turns).

Dirian the Ruffian (Troll Monk)                      Turns: 952, Time: 00:01:14

Health: -1/44      AC:  6    Str: 20    XL:     4   Next: 44%
Magic:  3/3        EV: 11    Int:  6    God:
Gold:   68         SH:  0    Dex: 12    Spells: 3/3 levels left

rFire    . . .     SeeInvis .     - Unarmed
rCold    . . .     Gourm    +   (no shield)
rNeg     . . .     Faith    .   a - +0 robe
rPois    .         Spirit   .   (helmet restricted)
rElec    .         Reflect  .   (no cloak)
rCorr    .         Harm     .   (gloves unavailable)
MR       .....                  (boots unavailable)
Stlth    ++........             (no amulet)
HPRegen  0.54/turn              (no ring)
MPRegen  0.08/turn              (no ring)

@: no status effects
A: large, unfitting armour, claws 3, fast metabolism 3, gourmand, regeneration
1, shaggy fur 1, tough skin 3
a: no special abilities


You were on level 2 of the Dungeon.
You were very full.

You visited 1 branch of the dungeon, and saw 2 of its levels.

You collected 68 gold pieces.

Inventory:

Armour
 a - a +0 robe (worn)
Potions
 b - 2 potions of brilliance {unknown}
 c - a potion of curing {unknown}
Comestibles
 e - 4 rations


   Skills:
 + Level 2.7 Fighting
 * Level 3.1 Dodging
 - Level 1.0 Stealth
 * Level 4.4 Unarmed Combat


You had 3 spell levels left.
You didn't know any spells.
Your spell library was empty.

Dungeon Overview and Level Annotations

Branches:
Dungeon (2/15)

Altars:


Innate Abilities, Weirdness & Mutations

You are too large for most types of armour.
You have claws for hands.
Your metabolism is lightning-fast.
You like to eat raw meat.
Your natural rate of healing is unusually fast.
You are covered in fur. (AC +1)
You have extremely tough skin. (AC +3)


Message History

You scratch the orc priest.
The orc priest is almost dead.
The bat hits you but does no damage. x2; Something hits you but does no damage.
A hobgoblin comes into view. It is wielding a +0 club.
The bat closely misses you.
The orc priest looks braver for a moment.
You claw the orc priest!
You kill the orc priest!
The bat hits you but does no damage. Something hits you.
* * * LOW HITPOINT WARNING * * *
The bat hits you but does no damage. Something hits you.
* * * LOW HITPOINT WARNING * * *
Things that are here:
a +0 war axe; a +0 club; a +0 chain mail The bat misses you.
Something hits you.
* * * LOW HITPOINT WARNING * * *
You scratch something. The bat hits you but does no damage.
Something hits you but does no damage.
You closely miss something. The bat closely misses you. Something hits you.
You die...

#### # .....
.######## ..#..
#........
.............#
..#...#......##
......g.....(..
###b.......
#.)@{...(..
####.#######
#....# #.####
#.# ###.###
#.....# #.....#
#.....#


You could see a hobgoblin and a bat.

Vanquished Creatures
  2 orc priests (D:2)
  A worm (D:2)
  2 dart slugs (D:2)
  A leopard gecko (D:1)
  2 orcs (D:2)
  A giant cockroach (D:1)
  3 goblins (D:1)
  3 hobgoblins (D:1)
  7 kobolds
  5 bats
  9 rats
36 creatures vanquished.

Vanquished Creatures (others)
  A plant (D:1)
1 creature vanquished.

Grand Total: 37 creatures vanquished

Notes
Turn   | Place    | Note
-------+----------+-------------------------------------------
     0 | D:1      | Dirian the Troll Monk began the quest for the Orb.
     0 | D:1      | Reached XP level 1. HP: 22/22 MP: 0/0
   142 | D:1      | Reached XP level 2. HP: 29/29 MP: 1/1
   883 | D:2      | Reached XP level 3. HP: 25/36 MP: 2/2
   944 | D:2      | Reached skill level 4 in Unarmed Combat
   944 | D:2      | Reached XP level 4. HP: 17/44 MP: 3/3
   949 | D:2      | HP: 2/44 [something (3)]
   952 | D:2      | Slain by an orc wizard

Illustrated notes

Levels and vault maps discovered:
D:1:      nzn_arrival_crosshair, layout_loops_ring, lexackson_kobold_supper
D:2:      layout_basic, lemuel_coloured_pillars_altar, uniq_crazy_yiuf_cottage,
          uniq_terence

Skill      XL: |  1  2  3 |
---------------+----------+-----
Dodging        | 3 |  3.1
Unarmed Combat | 4 |  4.4
Fighting       | |  2.7
Stealth        | |  1.0

Action                   |  1- 3 |  4- 6 || total
-------------------------+-------+-------++-------
Melee: Unarmed           |    65 |     6 ||    71
       Punch             |     1 |       ||     1
 Stab: Sleeping          |     4 |       ||     4
  Eat: Chunk             |    13 |       ||    13
Armor: Robe              |    29 |     8 ||    37
Dodge: Dodged            |    31 |     5 ||    36
